 Dungeon Crawl Stone Soup version 0.29.1-15-g9cfb28693d (webtiles) character file.

Game seed: 1114716861451129815

6087 Achh the Blocker (level 10, -11/91 HPs)
             Began as a Minotaur Fighter on Mar 15, 2023.
             Was a Priest of Okawaru.
             Engulfed by a cloud of acidic fog (23 damage)
             ... on level 9 of the Dungeon.
             The game lasted 00:54:13 (8119 turns).

Achh the Blocker (Minotaur Fighter)                 Turns: 8119, Time: 00:54:14

Health: -11/91     AC: 11    Str: 26    XL:     10   Next: 58%
Magic:  9/9        EV:  5    Int:  5    God:    Okawaru [***...]
Gold:   69         SH:  6    Dex: 15    Spells: 9/9 levels left

rFire   + . .      SeeInvis .   a - +1 war axe (flame)
rCold   + . .      Faith    .   c - +0 buckler
rNeg    . . .      Spirit   .   w - +3 gold dragon scales
rPois   +          Reflect  .   (helmet restricted)
rElec   .          Harm     .   (no cloak)
rCorr   .          Rampage  .   G - +2 pair of gloves
Will    .....                   (no boots)
Stlth   ..........              v - amulet of regeneration
HPRegen 1.05/turn               E - +6 ring of dexterity
MPRegen 0.11/turn               D - ring of poison resistance

@: corroded
A: horns 2, retaliatory headbutt
a: Renounce Religion, Heroism


You were on level 9 of the Dungeon.
You worshipped Okawaru.
Okawaru was most pleased with you.
You visited 2 branches of the dungeon, and saw 10 of its levels.

You collected 474 gold pieces.
You spent 405 gold pieces at shops.

Inventory:

Hand Weapons
 a - a +1 war axe of flaming (weapon)
 J - a +4 halberd
 L - a +0 shortbow
Missiles
 y - 3 silver boomerangs (quivered)
 C - 5 javelins
Armour
 b - a +0 scale mail
 c - a +0 buckler (worn)
 w - +3 gold dragon scales (worn)
 G - a +2 pair of gloves (worn)
 I - the +4 scale mail "Siyth" {rF+ rC+ Str+5 Dex-5}
   (You found it on level 7 of the Dungeon)

   Str:       It affects your strength (+5).
   Dex:       It affects your dexterity (-5).
   rF:        It protects you from fire.
   rC:        It protects you from cold.
 M - +0 steam dragon scales
Magical Staves
 l - a staff of earth
Jewellery
 g - a ring of flight
 n - an amulet of regeneration
 o - a ring of magical power
 v - an amulet of regeneration (around neck)
 D - a ring of poison resistance (right hand)
 E - a +6 ring of dexterity (left hand)
Wands
 t - a wand of acid (5)
 F - a wand of charming (3)
Scrolls
 e - a scroll of summoning
 k - 3 scrolls of magic mapping
 m - 4 scrolls of teleportation
 s - a scroll of poison
 u - 2 scrolls of blinking
 B - a scroll of silence
 H - a scroll of enchant weapon
Potions
 d - 2 potions of might
 f - 4 potions of curing
 h - 6 potions of flight
 i - 5 potions of lignification
 j - a potion of cancellation {unknown}
 p - 5 potions of attraction
 q - 2 potions of brilliance
 r - 2 potions of resistance
 x - 2 potions of degeneration
 z - 2 potions of haste
 A - a potion of invisibility {unknown}
 K - a potion of heal wounds
Miscellaneous
 N - a lightning rod (4/4)


   Skills:
 + Level 9.5 Fighting
 + Level 9.2 Axes
 + Level 6.2 Throwing
 + Level 9.6 Armour
 + Level 9.6 Shields


You had 9 spell levels left.
You didn't know any spells.
Your spell library contained the following spells:

 Spells                   Type           Power      Damage    Failure   Level
 Inner Flame              Hex/Fire       0%         N/A       100%        3
 Airstrike                Air            0%         2d(0-16)  100%        4
 Cause Fear               Hex            0%         N/A       100%        4
 Lightning Bolt           Conj/Air       0%         1d11      100%        5
 Discord                  Hex            0%         N/A       100%        8
 Summon Lightning Spire   Summ/Air       Unusable   N/A       N/A         4

Dungeon Overview and Level Annotations

Branches:
Dungeon (9/15)             Temple (1/1) D:7
   Lair: D:8-11         Orc: D:9-12

Altars:
Ashenzari
Cheibriados
Dithmenos
Elyvilon
Fedhas
Gozag
Kikubaaqudgha
Makhleb
Nemelex Xobeh
Okawaru
Qazlal
Ru
Sif Muna
Trog
Uskayaw
Vehumet
Wu Jian
Xom
Yredelemnul
Zin
The Shining One

Shops:
D:4 !   D:6 ?   D:8 (*?

Annotations:
D:9 1 transporter


Innate Abilities, Weirdness & Mutations

You have a pair of horns on your head.
You reflexively headbutt those who attack you in melee.


Message History

The jelly is severely wounded.
The jelly hits you but does no damage. x2
You slash the jelly! You burn the jelly.
You kill the jelly!
Okawaru accepts your kill.
Really walk into a travel-excluded area? [Y]es or [N]o only, please.
Really walk into a travel-excluded area?
Okay, then.
As you read the scroll of teleportation, it crumbles to dust.
You feel strangely unstable.
Sorry, I don't know how to get there.
You feel protected.
You feel better.
Sorry, I don't know how to get there.
Your surroundings suddenly seem different.
Found a potion of attraction.
Found a lightning rod (4/4).
Found a stone staircase leading down.
p - 5 potions of attraction (gained 1)
You see here a lightning rod (4/4).
N - a lightning rod (4/4)
You start to feel less resistant.
You see here a yak corpse.
There is a transporter here.
You enter the transporter and appear at another place.
Your resistance to elements expires.
Really walk into a travel-excluded area?
Uppercase [Y]es or [N]o only, please.
Really walk into a travel-excluded area?
You are engulfed in acidic fog.
There is an open gate here.
You are engulfed in acidic fog.
The acid corrodes you!
You are engulfed in acidic fog.
The acid corrodes you!
You are engulfed in acidic fog.
* * * LOW HITPOINT WARNING * * *
You feel better.
You are engulfed in acidic fog.
* * * LOW HITPOINT WARNING * * *
You are engulfed in acidic fog.
The acid corrodes you!
You die...

.........#○.○..°○#
##..........
.........##☼☼#©#☼○#
#...........
####.#....#○°...○.#
#.........~. #☼○#.#☼°#
#........... #.○...○°#
###.........
####○☼°#### #.........
#☼°☼☼○○☼○○# #.........
#○○.○☼°°○°##...........
#°○○°○@☼○°##...####..##
#☼°°[[$○°°##... ##...
#○○°(©[°☼○##... #...
############.. ###...
##.©.#. # # #.....
#...#.. ....#...##
##..... ..........
#####.. ....#.....
#####.#...


There were no monsters in sight!

Vanquished Creatures
  A two-headed ogre (D:6)
  The ghost of vampirul the Cleaver, a novice MiBe of Trog (D:5)
  A shadow (D:9)
  7 yaks (D:9)
  A wyvern (D:7)
  3 steam dragons
  2 acid dragons (D:9)
  3 black bears (D:6)
  An orc warrior (D:6)
  2 ice beasts
  A sky beast (D:7)
  3 ogres
  2 centaurs (D:8)
  2 phantoms
  5 bullfrogs
  2 gnoll sergeants
  A necrophage (D:6)
  3 scorpions
  7 wights (D:8)
  2 electric eels (D:7)
  A crimson imp (D:9)
  5 jellies
  6 orc priests
  4 hounds
  3 iguanas
  4 orc wizards
  15 adders
  4 gnolls (D:8)
  A white imp (D:5)
  An ufetubus (D:5)
  A worm (D:4)
  5 dart slugs
  32 orcs
  3 bats (D:1)
  9 endoplasms
  A giant cockroach (D:1)
  8 goblins
  5 hobgoblins
  4 jackals
  6 quokkas
  10 ball pythons
  5 frilled lizards
  10 kobolds
  3 rats
196 creatures vanquished.

Vanquished Creatures (others)
  2 fungi (D:1)
2 creatures vanquished.

Grand Total: 198 creatures vanquished

Notes
Turn   | Place    | Note
-------+----------+-------------------------------------------
     0 | D:1      | Achh the Minotaur Fighter began the quest for the Orb.
     0 | D:1      | Reached XP level 1. HP: 19/19 MP: 0/0
   111 | D:1      | Reached XP level 2. HP: 25/27 MP: 1/1
   450 | D:1      | You fall into a shaft and drop 1 floor!
   482 | D:2      | Reached XP level 3. HP: 33/33 MP: 2/2
  1457 | D:1      | Found a faded altar of an unknown god.
  1552 | D:3      | Reached XP level 4. HP: 39/40 MP: 3/3
  1758 | D:3      | Found a basalt altar of Yredelemnul.
  2178 | D:4      | Noticed a scorpion
  2182 | D:4      | Killed a scorpion
  2183 | D:4      | Reached XP level 5. HP: 47/47 MP: 4/4
  2228 | D:4      | Reached skill level 5 in Shields
  2229 | D:4      | Reached skill level 5 in Fighting
  2229 | D:4      | Reached skill level 5 in Armour
  2239 | D:4      | Noticed a phantom
  2250 | D:4      | Killed a phantom
  2251 | D:4      | Reached XP level 6. HP: 12/56 MP: 5/5
  2608 | D:4      | Found Leeweorph's Distillery.
  2635 | D:4      | Found a shadowy altar of Dithmenos.
  2645 | D:4      | Bought 2 potions of degeneration for 26 gold pieces
  2664 | D:4      | Found a shimmering altar of Xom.
  2714 | D:4      | Found a sparkling altar of Nemelex Xobeh.
  2896 | D:4      | Reached skill level 5 in Axes
  2903 | D:4      | Reached XP level 7. HP: 60/61 MP: 6/6
  3183 | D:4      | Found a glowing silver altar of Zin.
  3183 | D:4      | Found an ancient bone altar of Kikubaaqudgha.
  3191 | D:4      | Found a faded altar of an unknown god.
  3194 | D:4      | Found a white marble altar of Elyvilon.
  3196 | D:4      | Found an ornate altar of the Wu Jian Council.
  3253 | D:5      | Entered Level 5 of the Dungeon
  3404 | D:5      | Reached skill level 1 in Throwing
  3426 | D:5      | Found a runed translucent gate.
  3426 | D:5      | Found a runed translucent gate.
  3426 | D:5      | Found a runed translucent gate.
  3427 | D:5      | Found an opulent altar of Gozag.
  3428 | D:5      | Noticed vampirul's ghost (novice MiBe)
  4035 | D:5      | Found an opulent altar of Gozag.
  4047 | D:5      | Found a sacrificial altar of Ru.
  4246 | D:5      | Killed vampirul's ghost
  4247 | D:5      | Reached XP level 8. HP: 17/71 MP: 7/7
  4260 | D:5      | HP: 3/71 [adder (2)]
  4743 | D:6      | Noticed a two-headed ogre
  4752 | D:6      | Killed a two-headed ogre
  4753 | D:6      | Reached XP level 9. HP: 17/79 MP: 8/8
  4877 | D:6      | Found Azer's Magic Scroll Shoppe.
  4886 | D:6      | Bought a scroll of enchant armour for 105 gold pieces
  4887 | D:6      | Bought a scroll of identify for 28 gold pieces
  4887 | D:6      | Bought a scroll of identify for 28 gold pieces
  5522 | D:6      | Bought a scroll of poison for 56 gold pieces
  5561 | D:7      | Found a staircase to the Ecumenical Temple.
  5583 | Temple   | Entered the Ecumenical Temple
  5598 | Temple   | Became a worshipper of Warmaster Okawaru
  5797 | D:7      | Found a bloodstained altar of Trog.
  6221 | D:7      | Reached * piety under Okawaru
  6325 | D:7      | Identified the +4 scale mail "Siyth" {rF+ rC+ Str+5 Dex-5}
  6582 | D:8      | Reached skill level 5 in Throwing
  6718 | D:8      | Found Veghast's General Store.
  6721 | D:8      | Bought a potion of heal wounds for 80 gold pieces
  6721 | D:8      | Found Kuph's Magic Scroll Shop.
  6732 | D:8      | Bought a scroll of enchant armour for 82 gold pieces
  6844 | D:8      | Reached XP level 10. HP: 74/90 MP: 9/9
  7042 | D:8      | Found Baosoemi's Weapon Shop.
  7734 | D:9      | Reached ** piety under Okawaru
  7769 | D:9      | Found a radiant altar of Vehumet.
  7769 | D:9      | Found a burning altar of Makhleb.
  7990 | D:9      | Found a transporter.
  8022 | D:9      | Reached *** piety under Okawaru
  8046 | D:9      | Found a transporter.
  8119 | D:9      | Engulfed by a cloud of acidic fog

Illustrated notes

Levels and vault maps discovered:
D:1:      wander_arrival_fairy_ring, layout_loops_ring,
          hellmonk_ecumenical_altar_leap_of_faith
D:2:      layout_rooms
D:3:      layout_rooms, mainiacjoe_overflow_paths
D:4:      nicolae_cairo_tiling_large_dashed, layout_loops_ring,
          mainiacjoe_overflow_large_starburst,
          chequers_temple_overflow_minitemple, nemelex_spade_bored_becter,
          serial_shops, shop
D:5:      layout_loops_ring, amethyst_overflow_temple_binary,
          ebering_ghost_gozag
D:6:      layout_basic, serial_shops, nicolae_shop_stone
D:7:      layout_loops_ring, pf_just_have_faith, minmay_temple_entry_slanted,
          kennysheep_generic_room_2
D:8:      layout_layer_cave, serial_shops, kennysheep_mini, shop,
          nicolae_shop_bloodbath_and_beyond, kennysheep_generic_room_15
D:9:      gammafunk_cloud_chamber, layout_basic,
          grunt_temple_overflow_lords_of_destruction, dpeg_oklobed_lair
Temple:   nicolae_temple_colour_theory

Skill      XL: |  1  2  3  4  5  6  7  8  9 10 |
---------------+-------------------------------+-----
Fighting       | 4 5 6 7 8 9 |  9.5
Shields        | 4 5 6 7 8 9 |  9.6
Armour         | 4 5 6 7 8 9 |  9.6
Axes           | 3 4 5 6 7 8 9 |  9.2
Throwing       | 2 3 5 6 |  6.2

Action                   |  1- 3 |  4- 6 |  7- 9 | 10-12 || total
-------------------------+-------+-------+-------+-------++-------
Melee: War axe           |   105 |    90 |   260 |    84 ||   539
       Headbutt          |    12 |    18 |    39 |    17 ||    86
Evoke: Wand              |       |       |     2 |       ||     2
  Use: Scroll            |       |       |    16 |     3 ||    19
       Potion            |       |       |     3 |     3 ||     6
Armor: Scale mail        |    72 |    20 |       |       ||    92
       Gold dragon scale |       |    13 |   232 |    72 ||   317
Dodge: Dodged            |    46 |    35 |    50 |    17 ||   148
Block: Buckler           |    20 |    15 |    90 |    26 ||   151
